[ AOE2 MATCH · #505714076 ]
UnrankedHuns vs Gurjaras
Player's team · WIN
Rival team · LOSS
[ REPLAY ANALYSIS · EXTRACTED FROM THE RECORDED GAME ]
Feudal
8:55
Castle
31:16
Imperial
40:52
| APM avg | 71.4 |
| APM peak | 112 |
| eAPM avg | 31.9 |
| Villagers / military | 170 / 261 |
Focus
⚔️ 47.2% · 🌾 52.8%
Cavalry Archer ×105 · Skirmisher ×94 · Scout Cavalry ×42 · Spearman ×13 · Tarkan ×4 · Trebuchet (Packed) ×2
Feudal
8:35
Castle
20:40
Imperial
44:59
| APM avg | 73.4 |
| APM peak | 96 |
| eAPM avg | 32.7 |
| Villagers / military | 232 / 207 |
Focus
⚔️ 41.5% · 🌾 58.5%
Scout Cavalry ×61 · Skirmisher ×46 · Archer ×41 · Camel Scout ×22 · Elephant Archer ×16 · Mangonel ×6
Match map
Initial resources + every placement click. Lines = walls · curves = elevation contours. ◆ gold · ⬟ stone · ● berries · ✦ relic · ◌ wall gap
Your base· Open — unwalled flank
Gabi's base· ✓ Closed at 20:40 · 25t walls · 2 gate(s)
Smoothed initial terrain · ◌ = detected wall gap · hover for details
Inputs per minute
— OS+ | Sziky - - Gabi
Build order — OS+ | Sziky
First 150 of 599 actions detected
| 0:01 | Create | Villager (Male) |
| 0:09 | Create | Villager (Male) |
| 0:09 | Create | Villager (Male) |
| 0:17 | Create | Villager (Male) |
| 1:15 | Create | Villager (Male) |
| 1:46 | Build | Lumber Camp |
| 1:47 | Create | Villager (Male) |
| 2:05 | Create | Villager (Male) |
| 2:46 | Create | Villager (Male) |
| 3:19 | Create | Villager (Male) |
| 3:36 | Create | Villager (Male) |
| 4:05 | Create | Villager (Male) |
| 4:06 | Create | Villager (Male) |
| 4:30 | Create | Villager (Male) |
| 4:30 | Create | Villager (Male) |
| 4:45 | Build | Palisade Wall |
| 4:56 | Build | Mill |
| 5:14 | Create | Villager (Male) |
| 5:34 | Research | Loom |
| 6:32 | Build | Lumber Camp |
| 6:45 | Research | Feudal Age |
| 7:50 | Create | Villager (Male) |
| 8:00 | Build | Barracks |
| 8:55 | Age | Feudal Age |
| 9:03 | Create | Spearman |
| 9:09 | Build | Archery Range |
| 9:12 | Create | Villager (Male) |
| 9:15 | Research | Double-Bit Axe |
| 9:15 | Research | Double-Bit Axe |
| 9:25 | Create | Villager (Male) |
| 9:41 | Create | Villager (Male) |
| 9:51 | Create | Skirmisher |
| 9:53 | Create | Spearman |
| 9:55 | Create | Villager (Male) |
| 9:56 | Create | Skirmisher |
| 9:57 | Build | Palisade Wall |
| 9:59 | Build | Palisade Wall |
| 10:00 | Build | Palisade Wall |
| 10:01 | Build | Palisade Wall |
| 10:07 | Create | Villager (Male) |
| 10:15 | Build | Palisade Wall |
| 10:22 | Create | Villager (Male) |
| 10:25 | Build | Palisade Wall |
| 10:27 | Build | Palisade Wall |
| 10:28 | Build | Palisade Wall |
| 10:33 | Create | Skirmisher |
| 10:38 | Build | Farm |
| 10:39 | Build | Farm |
| 10:43 | Build | Palisade Wall |
| 10:52 | Create | Spearman |
| 10:58 | Build | Farm |
| 11:12 | Create | Villager (Male) |
| 11:14 | Create | Villager (Male) |
| 11:19 | Build | Farm |
| 11:38 | Research | Horse Collar |
| 11:38 | Research | Horse Collar |
| 11:43 | Create | Spearman |
| 11:46 | Create | Villager (Male) |
| 12:07 | Create | Villager (Male) |
| 12:13 | Create | Villager (Male) |
| 12:13 | Create | Skirmisher |
| 12:18 | Build | Farm |
| 12:21 | Build | Farm |
| 12:26 | Build | Farm |
| 12:39 | Build | Farm |
| 12:48 | Create | Villager (Male) |
| 12:53 | Build | Farm |
| 13:05 | Create | Spearman |
| 13:12 | Build | Farm |
| 13:13 | Build | Farm |
| 13:16 | Create | Villager (Male) |
| 13:27 | Create | Villager (Male) |
| 13:31 | Build | Stable |
| 13:50 | Build | Farm |
| 13:55 | Create | Villager (Male) |
| 14:00 | Create | Spearman |
| 14:01 | Create | Skirmisher |
| 14:10 | Create | Villager (Male) |
| 14:17 | Create | Scout Cavalry |
| 14:24 | Create | Villager (Male) |
| 14:33 | Build | Farm |
| 14:39 | Build | Farm |
| 14:45 | Create | Scout Cavalry |
| 14:53 | Create | Villager (Male) |
| 15:01 | Build | Farm |
| 15:02 | Build | Farm |
| 15:02 | Create | Villager (Male) |
| 15:20 | Create | Scout Cavalry |
| 15:22 | Create | Villager (Male) |
| 15:29 | Build | Farm |
| 15:33 | Create | Scout Cavalry |
| 15:52 | Build | Farm |
| 15:54 | Build | Farm |
| 15:55 | Build | Farm |
| 15:55 | Create | Villager (Male) |
| 16:00 | Create | Scout Cavalry |
| 16:29 | Create | Villager (Male) |
| 16:31 | Build | Mining Camp |
| 16:35 | Create | Scout Cavalry |
| 16:51 | Create | Scout Cavalry |
| 16:55 | Create | Villager (Male) |
| 16:59 | Build | Watch Tower |
| 17:01 | Create | Scout Cavalry |
| 17:12 | Create | Villager (Male) |
| 17:14 | Build | Blacksmith |
| 17:24 | Create | Villager (Male) |
| 17:37 | Create | Villager (Male) |
| 17:50 | Create | Scout Cavalry |
| 17:53 | Create | Villager (Male) |
| 17:59 | Build | Farm |
| 18:01 | Build | Farm |
| 18:03 | Research | Forging |
| 18:10 | Create | Villager (Male) |
| 18:16 | Build | Stable |
| 18:22 | Create | Villager (Male) |
| 18:51 | Create | Villager (Male) |
| 18:54 | Create | Scout Cavalry |
| 18:54 | Create | Scout Cavalry |
| 19:03 | Build | Watch Tower |
| 19:08 | Build | Palisade Wall |
| 19:10 | Build | Palisade Wall |
| 19:13 | Build | Palisade Wall |
| 19:15 | Build | Farm |
| 19:18 | Build | Farm |
| 19:18 | Build | Farm |
| 19:22 | Create | Villager (Male) |
| 19:25 | Create | Scout Cavalry |
| 19:26 | Create | Scout Cavalry |
| 19:38 | Create | Villager (Male) |
| 20:16 | Research | Scale Barding Armor |
| 20:16 | Create | Villager (Male) |
| 20:21 | Build | Farm |
| 20:22 | Create | Villager (Male) |
| 20:30 | Research | Fletching |
| 20:30 | Research | Fletching |
| 20:31 | Create | Villager (Male) |
| 20:43 | Build | Palisade Wall |
| 20:54 | Build | Mining Camp |
| 20:55 | Create | Villager (Male) |
| 21:20 | Create | Villager (Male) |
| 21:31 | Research | Wheelbarrow |
| 21:36 | Create | Villager (Male) |
| 21:42 | Build | Watch Tower |
| 21:47 | Create | Villager (Male) |
| 22:06 | Create | Scout Cavalry |
| 22:08 | Build | Palisade Wall |
| 22:49 | Research | Bloodlines |
| 22:49 | Research | Bloodlines |
| 22:50 | Create | Scout Cavalry |
| 22:50 | Create | Scout Cavalry |
Build order — Gabi
First 150 of 662 actions detected
| 0:01 | Create | Villager (Male) |
| 0:01 | Create | Villager (Male) |
| 0:01 | Create | Villager (Male) |
| 0:02 | Build | House |
| 0:03 | Build | House |
| 0:32 | Create | Villager (Male) |
| 0:48 | Build | Mill |
| 1:35 | Create | Villager (Male) |
| 1:52 | Create | Villager (Male) |
| 2:16 | Create | Villager (Male) |
| 2:46 | Create | Villager (Male) |
| 3:10 | Create | Villager (Male) |
| 3:12 | Build | House |
| 3:35 | Create | Villager (Male) |
| 3:53 | Build | Lumber Camp |
| 4:04 | Create | Villager (Male) |
| 4:04 | Create | Villager (Male) |
| 4:27 | Create | Villager (Male) |
| 4:42 | Create | Villager (Male) |
| 5:48 | Research | Loom |
| 6:25 | Research | Feudal Age |
| 6:42 | Build | Barracks |
| 7:28 | Build | House |
| 8:19 | Create | Villager (Male) |
| 8:22 | Build | Palisade Wall |
| 8:33 | Create | Villager (Male) |
| 8:35 | Age | Feudal Age |
| 8:37 | Build | Stable |
| 8:41 | Research | Double-Bit Axe |
| 9:01 | Create | Villager (Male) |
| 9:04 | Research | Horse Collar |
| 9:17 | Create | Scout Cavalry |
| 9:19 | Build | House |
| 9:25 | Create | Villager (Male) |
| 9:36 | Build | Farm |
| 9:37 | Create | Scout Cavalry |
| 9:40 | Build | Palisade Wall |
| 9:42 | Build | Palisade Wall |
| 9:42 | Build | Palisade Wall |
| 9:49 | Create | Villager (Male) |
| 9:50 | Build | Farm |
| 9:55 | Build | House |
| 10:06 | Create | Scout Cavalry |
| 10:10 | Build | Farm |
| 10:30 | Build | Farm |
| 10:31 | Create | Villager (Male) |
| 10:40 | Build | Palisade Wall |
| 10:45 | Build | Farm |
| 10:47 | Build | Farm |
| 10:49 | Create | Villager (Male) |
| 10:51 | Build | Palisade Wall |
| 11:13 | Build | Farm |
| 11:23 | Create | Scout Cavalry |
| 11:30 | Create | Villager (Male) |
| 11:34 | Build | Farm |
| 11:47 | Create | Villager (Male) |
| 11:48 | Build | House |
| 12:11 | Create | Villager (Male) |
| 12:15 | Build | Farm |
| 12:16 | Build | Farm |
| 12:21 | Build | Farm |
| 12:25 | Create | Scout Cavalry |
| 12:30 | Create | Villager (Male) |
| 12:45 | Create | Villager (Male) |
| 12:52 | Build | Farm |
| 13:10 | Create | Villager (Male) |
| 13:37 | Build | House |
| 14:11 | Create | Villager (Male) |
| 14:17 | Build | Farm |
| 14:18 | Build | Farm |
| 14:19 | Build | Farm |
| 14:28 | Build | Archery Range |
| 14:43 | Build | House |
| 14:45 | Build | Palisade Gate |
| 14:47 | Build | Palisade Wall |
| 14:54 | Create | Villager (Male) |
| 14:56 | Build | Farm |
| 15:05 | Build | House |
| 15:14 | Build | Mining Camp |
| 15:21 | Create | Skirmisher |
| 15:22 | Create | Villager (Male) |
| 15:29 | Create | Scout Cavalry |
| 15:34 | Create | Villager (Male) |
| 15:50 | Create | Villager (Male) |
| 15:51 | Build | House |
| 16:09 | Create | Skirmisher |
| 16:09 | Create | Skirmisher |
| 16:18 | Build | House |
| 16:36 | Create | Villager (Male) |
| 16:42 | Create | Spearman |
| 16:47 | Create | Archer |
| 16:51 | Create | Villager (Male) |
| 16:54 | Build | Farm |
| 17:10 | Create | Spearman |
| 17:12 | Build | Farm |
| 17:18 | Build | Farm |
| 17:22 | Create | Villager (Male) |
| 17:36 | Create | Spearman |
| 17:50 | Create | Archer |
| 18:00 | Research | Castle Age |
| 18:08 | Create | Archer |
| 18:08 | Create | Archer |
| 18:12 | Build | Archery Range |
| 18:36 | Create | Archer |
| 18:44 | Build | Palisade Gate |
| 18:52 | Build | House |
| 18:58 | Build | Lumber Camp |
| 19:06 | Build | Palisade Wall |
| 19:29 | Create | Archer |
| 19:50 | Create | Archer |
| 19:56 | Build | Blacksmith |
| 20:27 | Build | House |
| 20:40 | Age | Castle Age |
| 20:42 | Research | Fletching |
| 20:44 | Build | House |
| 20:45 | Create | Camel Scout |
| 20:45 | Create | Camel Scout |
| 20:49 | Create | Villager (Male) |
| 20:53 | Build | House |
| 20:56 | Build | House |
| 20:58 | Build | House |
| 20:58 | Create | Villager (Male) |
| 21:03 | Research | Bow Saw |
| 21:04 | Create | Villager (Male) |
| 21:19 | Research | Bodkin Arrow |
| 21:19 | Research | Bodkin Arrow |
| 21:38 | Build | Farm |
| 21:45 | Create | Villager (Male) |
| 21:49 | Build | House |
| 21:54 | Build | Siege Workshop |
| 22:00 | Research | Gold Mining |
| 22:06 | Research | Crossbowman (upgrade) |
| 22:06 | Research | Crossbowman (upgrade) |
| 22:09 | Create | Villager (Male) |
| 22:22 | Create | Villager (Male) |
| 22:27 | Research | Husbandry |
| 22:29 | Create | Villager (Male) |
| 22:40 | Build | Mill |
| 22:48 | Create | Archer |
| 22:49 | Create | Camel Scout |
| 22:50 | Create | Villager (Male) |
| 22:58 | Build | Farm |
| 23:02 | Create | Villager (Male) |
| 23:09 | Create | Villager (Male) |
| 23:21 | Create | Villager (Male) |
| 23:23 | Create | Camel Scout |
| 23:35 | Build | Town Center |
| 23:46 | Create | Archer |
| 23:47 | Create | Archer |
| 23:47 | Create | Archer |
Match timeline
| 4:45 | OS+ | Sziky · wall_segment Palisade Wall x1 |
| 6:42 | Gabi · first_building Barracks |
| 8:00 | OS+ | Sziky · first_building Barracks |
| 8:22 | Gabi · wall_segment Palisade Wall x3 |
| 8:35 | Gabi · age_up feudal |
| 8:37 | Gabi · first_building Stable |
| 8:55 | OS+ | Sziky · age_up feudal |
| 9:09 | OS+ | Sziky · first_building Archery Range |
| 9:40 | Gabi · wall_segment Palisade Wall x4 |
| 9:42 | Gabi · wall_segment Palisade Wall x5 |
| 9:42 | Gabi · wall_segment Palisade Wall x1 |
| 9:57 | OS+ | Sziky · wall_segment Palisade Wall x1 |
| 9:59 | OS+ | Sziky · wall_segment Palisade Wall x1 |
| 10:00 | OS+ | Sziky · wall_segment Palisade Wall x1 |
| 10:01 | OS+ | Sziky · wall_segment Palisade Wall x1 |
| 10:15 | OS+ | Sziky · wall_segment Palisade Wall x1 |
| 10:25 | OS+ | Sziky · wall_segment Palisade Wall x1 |
| 10:27 | OS+ | Sziky · wall_segment Palisade Wall x1 |
| 10:28 | OS+ | Sziky · wall_segment Palisade Wall x1 |
| 10:40 | Gabi · wall_segment Palisade Wall x3 |
| 10:43 | OS+ | Sziky · wall_segment Palisade Wall x1 |
| 10:51 | Gabi · wall_segment Palisade Wall x6 |
| 13:31 | OS+ | Sziky · first_building Stable |
| 14:28 | Gabi · first_building Archery Range |
| 14:47 | Gabi · wall_segment Palisade Wall x1 |
| 19:06 | Gabi · wall_segment Palisade Wall x2 |
| 19:08 | OS+ | Sziky · wall_segment Palisade Wall x1 |
| 19:10 | OS+ | Sziky · wall_segment Palisade Wall x1 |
| 19:13 | OS+ | Sziky · wall_segment Palisade Wall x1 |
| 20:40 | Gabi · age_up castle |
| 20:43 | OS+ | Sziky · wall_segment Palisade Wall x1 |
| 21:54 | Gabi · first_building Siege Workshop |
| 22:08 | OS+ | Sziky · wall_segment Palisade Wall x1 |
| 28:27 | OS+ | Sziky · first_market_buy 100 food |
| 31:16 | OS+ | Sziky · age_up castle |
| 31:45 | OS+ | Sziky · wall_segment Palisade Wall x2 |
| 31:46 | OS+ | Sziky · wall_segment Palisade Wall x2 |
| 31:48 | OS+ | Sziky · wall_segment Palisade Wall x1 |
| 31:50 | OS+ | Sziky · wall_segment Palisade Wall x1 |
| 31:54 | OS+ | Sziky · wall_segment Palisade Wall x1 |
| 31:55 | OS+ | Sziky · wall_segment Palisade Wall x1 |
| 32:39 | OS+ | Sziky · wall_segment Palisade Wall x1 |
| 33:30 | Gabi · first_market_buy 100 stone |
| 33:34 | Gabi · first_building Castle |
| 34:14 | Gabi · first_building Monastery |
| 35:56 | OS+ | Sziky · first_market_sell 100 food |
| 37:13 | OS+ | Sziky · first_building Monastery |
| 37:17 | Gabi · first_market_sell 100 wood |
| 37:25 | Gabi · wall_segment Stone Wall x5 |
| 37:59 | Gabi · wall_segment Stone Wall x1 |
| 39:50 | OS+ | Sziky · first_building Castle |
| 40:52 | OS+ | Sziky · age_up imperial |
| 44:59 | Gabi · age_up imperial |
| 54:24 | Gabi · resign |
[ AI ANALYSIS · 1 CREDIT ]
What really happened in this match?
Wolo.gg analyzes every decision: build order, eco, micro, common mistakes by bracket. Personalized analysis on WhatsApp or Discord in 30 seconds.
Civ guide
Huns
Perfil
Jugador #14725904